[Event "58th Akiba Rubinstein GM 2022"]
[Site "Polanica-Zdroj"]
[Date "2022.08.21"]
[Round "9.5"]
[White "Bernadskiy, Vitaliy"]
[Black "Tazbir, Marcin"]
[Result "1/2-1/2"]
[ECO "C02"]
[WhiteElo "2598"]
[BlackElo "2511"]
[Annotator "TA"]
[PlyCount "60"]
[EventDate "2022.08.13"]
[EventCountry "POL"]
[SourceTitle "playchess.com"]
[Source "ChessBase"]
[SourceQuality "1"]
[TimeControl "40/5400+30:1800+30"]

1. e4 e6 2. d4 d5 3. e5 c5 4. c3 Nc6 5. Nf3 Qb6 6. Be2 cxd4 7. cxd4 Nge7 8. Na3 Nf5 9. Nc2 Be7 10. O-O Bd7 {[%emt 0:01:23] The main line 10...Bd7 scores better than 10...0-0.} 11. Bd3 h6 {[%emt 0:04:42] C02: French: Advance Variation.} (11... Ncxd4 $2 12. Nfxd4 Nxd4 13. Be3 $18) 12. b4 {[%emt 0:14:29][%cal Bb2b4,Bb4b5][%mdl 32] [#]} a5 $146 (12... Ncxd4 $2 13. Nfxd4 Nxd4 14. Be3 $18) (12... Nxb4 $2 13. Rb1 $18) ({Predecessor:} 12... Rc8 13. g4 Nh4 14. Nxh4 Bxh4 15. a4 Be7 16. Bd2 a5 17. bxa5 Nxa5 18. Rb1 Qa7 19. Bxa5 Qxa5 20. Rxb7 {1-0 (56) Howell,D (2251)-Orso,M (2362) Budapest 2003}) 13. b5 Ncxd4 {[%emt 0:20:58] Black is slightly better.} 14. Nfxd4 Nxd4 15. Qg4 Nxc2 16. Qxg7 {[%emt 0:01:41] [#]} (16. Bxc2 $15 g6 17. Bd3) 16... O-O-O $1 $17 17. Bxc2 Bxb5 18. Rb1 {[%emt 0:08:31] [#]} Qc6 $1 19. Rxb5 Qxb5 20. Qxf7 Qd7 21. Ba4 Qxa4 22. Qxe7 Rhe8 ({But not} 22... Qxa2 $6 23. Qc5+ Kb8 24. Be3 $11) 23. Qc5+ Kb8 {[%emt 0:00:05] aiming for ...Rc8.} 24. Bxh6 d4 25. Rb1 Qxa2 ({Stronger than} 25... Rd7 26. Bf8 $11) (25... Rd5 $17 26. Qb6 Qd7) 26. Rxb7+ $1 $11 {[%emt 0:03:30][%mdl 64] Decoy. The position is equal.} Kxb7 27. Qb5+ Kc7 {[%emt 0:00:10] Threatens to win with ...Qa1+.} 28. Qc5+ Kb7 {[%emt 0:00:06] And now ...Qb1+ would win.} 29. Qb5+ Kc7 30. Qc5+ Kb7 {Black had all chances to win.  Weighted Error Value: White=0.13 (very precise) /Black=0.14 (very precise)} 1/2-1/2